 Dungeon Crawl Stone Soup version 0.30-a0-694-g3340775977 (webtiles) character file.

Game seed: 725062202496172169

86 Alitron123 the Poker (level 4, -11/36 HPs)
             Began as a Vine Stalker Berserker on Jan 20, 2023.
             Was a Believer of Trog.
             Killed by divine providence
             ... invoked by an orc priest
              (13 damage)
             ... on level 3 of the Dungeon.
             The game lasted 00:03:51 (1720 turns).

Alitron123 the Poker (Vine Stalker Berserker)       Turns: 1720, Time: 00:03:51

Health: -11/36     AC:  7    Str: 22    XL:     4   Next: 50%
Magic:  0/5        EV: 11    Int:  7    God:    Trog [**....]
Gold:   94         SH:  0    Dex: 13    Spells: 3/3 levels left

rFire   + . .      SeeInvis .    a - +0 spear
rCold   . . .      Faith    .    (no shield)
rNeg    . . .      Spirit   +    t - +0 ring mail
rPois   .          Reflect  .    e - +1 helmet
rElec   .          Harm     .    (no cloak)
rCorr   .          Rampage  .    (no gloves)
Will    .....                    (no boots) Stlth
                                 (no amulet)
HPRegen 1.06/turn                m - ring of protection from cold
MPRegen 0.09/turn                s - ring of fire

@: berserking, very quick
A: fangs 2, regeneration 1, magic shield, antimagic bite, no potion heal 2
a: Renounce Religion, Berserk, Trog's Hand


You were on level 3 of the Dungeon.
You worshipped Trog.
Trog was pleased with you.
You visited 1 branch of the dungeon, and saw 3 of its levels.

You collected 94 gold pieces.

Inventory:

Hand Weapons
 a - a +0 spear (weapon)
Armour
 e - a +1 helmet (worn)
 t - a +0 ring mail (worn)
Jewellery
 m - a ring of protection from cold (left hand)
 s - a ring of fire (right hand)
Scrolls
 c - 4 scrolls of identify {unknown}
 d - a scroll of amnesia {unknown}
 g - 3 scrolls of blinking {unknown}
 h - 2 scrolls of teleportation {unknown}
 j - a scroll of noise {unknown}
 k - a scroll of brand weapon {unknown}
 l - a scroll of vulnerability {unknown}
 o - 2 scrolls of poison {unknown}
 p - a scroll of enchant armour {unknown}
Potions
 f - a potion of attraction {unknown}
 i - a potion of flight {unknown}
 n - a potion of brilliance {unknown}
 q - 2 potions of heal wounds {unknown}
 r - a potion of berserk rage {unknown}


   Skills:
 + Level 3.4 Fighting
 + Level 3.5 Polearms
 + Level 1.8 Armour
 + Level 2.0 Dodging
 + Level 1.1 Stealth


You had 3 spell levels left.
You didn't know any spells.
Your spell library was empty.

Dungeon Overview and Level Annotations

Branches:
Dungeon (3/15)

Altars:


Innate Abilities, Weirdness & Mutations

You have extremely sharp teeth.
Your natural rate of healing is unusually fast.
When hurt, damage is shared between your health and your magic reserves.
Your bite disrupts and absorbs the magic of your enemies.
Potions cannot restore your health.


Message History

The orc misses you.
The orc hits you from afar with a +0 trident.
Something hits you but does no damage. The hobgoblin hits you.
The orc priest hits you with a +0 hand axe.
You barely miss the orc. You bite the orc. You drain its power.
You feel invigorated.
The orc is heavily wounded.
The orc barely misses you.
The orc priest hits you with a +0 hand axe.
* * * LOW HITPOINT WARNING * * *
The orc barely misses you. Something hits you.
* * * LOW HITPOINT WARNING * * *
The hobgoblin hits you but does no damage.
You don't know any spells.
A red film seems to cover your vision as you go berserk!
You feel yourself moving faster!
You feel mighty! The orc barely misses you.
The orc priest casts a cantrip, but nothing happens.
The orc barely misses you. Something hits you.
* * * LOW HITPOINT WARNING * * *
The hobgoblin hits you.
* * * LOW HITPOINT WARNING * * *
You puncture the orc!
You kill the orc!
Trog accepts your kill.
The orc hits you from afar with a +0 trident.
* * * LOW HITPOINT WARNING * * *
Something hits you.
* * * LOW HITPOINT WARNING * * *
The hobgoblin hits you but does no damage.
You barely miss something. You bite something. You drain its magic.
You feel invigorated.
You puncture something! The orc closely misses you.
Something hits you but does no damage. The hobgoblin closely misses you.
The orc priest hits you with a +0 hand axe.
* * * LOW HITPOINT WARNING * * *
You miss something. Your bite misses something. The orc barely misses you.
Something hits you but does no damage. The hobgoblin closely misses you.
The orc priest calls down the wrath of Beogh upon you.
Beogh smites you!
You die...

#..# #.# #..#
#.######### #..#
#....o.....
#..####.††..o....
#........###g....
#..####))# ...
#..# #.o# # #
#..####g.#.#
#^.....{@o.#
#..####.!### #...
....# #.######.#
#.# #.# ..# ###


You could see an orc priest, an orc and a hobgoblin.

Vanquished Creatures
  2 adders (D:2)
  3 worms (D:2)
  A dart slug (D:1)
  2 orcs (D:3)
  4 ball pythons
  2 endoplasms (D:2)
  2 giant cockroaches (D:2)
  10 goblins
  5 hobgoblins
  A jackal (D:2)
  3 quokkas
  5 bats
  A frilled lizard (D:1)
  8 kobolds
  3 rats
52 creatures vanquished.

Notes
Turn   | Place    | Note
-------+----------+-------------------------------------------
     0 | D:1      | Alitron123 the Vine Stalker Berserker began the quest for
                  | the Orb.
     0 | D:1      | Reached XP level 1. HP: 11/11 MP: 2/2
    47 | D:1      | Reached XP level 2. HP: 16/16 MP: 3/3
   562 | D:1      | Reached XP level 3. HP: 19/20 MP: 2/4
   950 | D:2      | Reached ** piety under Trog
  1281 | D:2      | Gained mutation: Your natural rate of healing is unusually
                  | fast. [Vine Stalker growth]
  1281 | D:2      | Reached XP level 4. HP: 22/24 MP: 5/5
  1366 | D:2      | Reached skill level 1 in Stealth
  1719 | D:3      | HP: 1/36 [orc priest/+0 hand axe (3)]
  1720 | D:3      | Killed from afar by an orc priest

Illustrated notes

Levels and vault maps discovered:
D:1:      lightli_arrival_flooded_house, layout_basic
D:2:      kennysheep_six_static_rooms, layout_basic, minmay_tromino_mix6
D:3:      layout_loops_ring, minmay_fountain_box, item_on_display_a

Skill      XL: |  1  2  3  4 |
---------------+-------------+-----
Fighting       | 3 |  3.4
Polearms       | 3 |  3.5
Dodging        | 2 |  2.0
Stealth        | 1 |  1.1
Armour         | |  1.8

Action                   |  1- 3 |  4- 6 || total
-------------------------+-------+-------++-------
Melee: Spear             |   102 |    59 ||   161
       Bite              |    18 |     9 ||    27
       Punch             |     1 |       ||     1
Invok: Berserk           |       |     1 ||     1
 Stab: Sleeping          |     4 |     3 ||     7
Armor: Animal skin       |    19 |     9 ||    28
       Ring mail         |       |    17 ||    17
Dodge: Dodged            |    32 |    40 ||    72

Table legend: (Time is in decaauts)
 A = Elapsed time spent in this place.
 B = Non-inter-level travel time spent in this place.
 C = Inter-level travel time spent in this place.
 D = Time resting spent in this place.
 E = Time spent auto-exploring this place.
 F = Levels seen in this place.
 G = Mean time per level.
                   A        B        C        D        E       F      G
               +--------+--------+--------+--------+--------+-----+--------+
         Total |   1708 |   1683 |     25 |      0 |   1345 |   3 |  569.3 |
       Dungeon |   1708 |   1683 |     25 |      0 |   1345 |   3 |  569.3 |
               +--------+--------+--------+--------+--------+-----+--------+

Top non-repeatable levels by time:
     D:2: 842 daAuts
     D:1: 751 daAuts
     D:3: 115 daAuts
